 Dungeon Crawl Stone Soup version 0.19.0-19-g8c6edcc (webtiles) character file.

6435 mopl the Covert (level 10, -15/49 HPs)
             Began as a Spriggan Wanderer on Nov 13, 2016.
             Was a Follower of Ashenzari.
             Engulfed by a fire crab's flame (21 damage)
             ... on level 9 of the Dungeon.
             The game lasted 00:27:58 (13412 turns).

mopl the Covert (Spriggan Wanderer)                Turns: 13412, Time: 00:27:59

Health: -15/49     AC:  3    Str: 11    XL:     10   Next: 67%
Magic:  26/26      EV: 15    Int: 13    God:    Ashenzari [*.....]
Gold:   13         SH:  0    Dex: 17    Spells: 2 memorised, 13 levels left

rFire  . . .     SeeInvis +     b - +2 hunting sling (flame)
rCold  . . .     Gourm    .     I - +0 robe {rN+}
rNeg   + . .     Faith    .     (shield restricted)
rPois  .         Spirit   .     (helmet restricted)
rElec  .         Reflect  .     v - +0 cloak
rCorr  .         Harm     .     (gloves unavailable)
MR     +....     Clarity  +     (boots unavailable)
Stlth  ++++++....               (no amulet)
                                (no ring)
                                O - ring of magical power

@: very quick
A: unfitting armour, see invisible, clarity, herbivore 3, speed 3, slow
metabolism 2
a: Curse Item, Scrying, Renounce Religion


You were on level 9 of the Dungeon.
You worshipped Ashenzari.
Ashenzari was aware of your devotion.
You were not hungry.

You visited 2 branches of the dungeon, and saw 10 of its levels.
You also visited: Sewer.

You collected 414 gold pieces.
You spent 401 gold pieces at shops.

Inventory:

Hand Weapons
 a - a +0 hand crossbow
 b - a +2 hunting sling of flaming (weapon)
 n - a +1 dagger of speed
 N - a +0 blowgun
Missiles
 d - a throwing net
 g - 34 sling bullets
 j - 3 tomahawks
 l - 283 stones (quivered)
 B - 22 bolts
 E - 23 poisoned needles
Armour
 v - a +0 cloak (worn)
 I - a +0 robe of positive energy (worn)
 R - a +0 buckler
Magical Staves
 e - an uncursed staff of air
Jewellery
 O - a ring of magical power (left hand)
Wands
 k - a wand of flame (31/48)
 m - a wand of hasting (3/9)
 J - a wand of flame (31/48)
 M - a wand of random effects (0/48)
 S - a wand of iceblast (9/15)
 T - a wand of slowing (28/48)
Scrolls
 o - a scroll of blinking
 p - 6 scrolls of remove curse
 q - a scroll of noise
 s - 5 scrolls of teleportation
 t - 2 scrolls of enchant weapon
 u - 3 scrolls of fog
 y - 3 scrolls of magic mapping
 H - 2 scrolls of amnesia
 K - a scroll of enchant armour
 L - a scroll of recharging {unknown}
 P - a scroll of immolation {!r}
Potions
 h - 3 potions of might
 i - 4 potions of cancellation
 r - 2 potions of berserk rage {!q}
 w - 3 potions of flight
 x - 2 potions of degeneration
 z - a potion of cure mutation {!q}
 A - 2 potions of curing
 C - a potion of haste
 D - 2 potions of magic
 F - 4 potions of brilliance
Books
 c - a book of Minor Magic

   Spells                             Type                      Level
   a - Magic Dart                     Conjuration                  1
   b - Blink                          Translocation                2
   c - Call Imp                       Summoning                    2
   d - Repel Missiles                 Charms/Air                   2
   e - Slow                           Hexes                        2
   f - Conjure Flame                  Conjuration/Fire             3
   g - Mephitic Cloud                 Conjuration/Poison/Air       3
 G - a book of Air

   Spells                             Type                      Level
   a - Shock                          Conjuration/Air              1
   b - Swiftness                      Charms/Air                   2
   c - Repel Missiles                 Charms/Air                   2
   d - Static Discharge               Conjuration/Air              3
   e - Lightning Bolt                 Conjuration/Air              5
Comestibles
 f - 5 bread rations
 Q - 24 fruits


   Skills:
 - Level 3.7 Fighting
 * Level 10.3 Short Blades
 + Level 3.0(6.1) Slings
 - Level 3.0 Crossbows
 + Level 6.9(7.1) Throwing
 * Level 14.3 Stealth
 - Level 1.0 Shields
 - Level 4.0 Spellcasting
   Level 2.0 Poison Magic


You had 13 spell levels left.
You knew the following spells:

 Your Spells              Type           Power        Failure   Level  Hunger
e - Blink                 Tloc           N/A          30%         2    ##.....
i - Repel Missiles        Chrm/Air       #.....       30%         2    ##.....


Dungeon Overview and Level Annotations

Branches:
Dungeon (9/15)             Temple (1/1) D:6
   Lair: D:8-11         Orc: D:9-12

Altars:
Ashenzari
Hepliaklqana
Kikubaaqudgha
Qazlal
Ru
Trog
Uskayaw
Zin

Shops:
D:8 ??(


Innate Abilities, Weirdness & Mutations

You are very small and have problems with some larger weapons.
You are too small for most types of armour.
You have supernaturally acute eyesight. (SInv)
You are a herbivore.
You cover ground extremely quickly.
You need consume almost no food.
You possess an exceptional clarity of mind.


Message History

You hear a shout!
Unknown command.
Evoke which item? (* to show all) (? for menu, Esc to quit)
Zapping:
M - a wand of random effects {zapped: 16} (will waste charges)
Press: ? - help, Shift-Dir - straight line, f/p - fire crab
Aim: a fire crab (moderately wounded)
The fire crab seems to speed up.
Evoking this partially-identified wand wasted a few charges.
The fire crab breathes flames at you. The blast of flame engulfs you!
Unknown command.
You are engulfed in roaring flames.
The fire crab breathes flames at you. The blast of flame engulfs you!
There is an open door here.
You are engulfed in roaring flames.
* * * LOW HITPOINT WARNING * * *
As you close the door, it creaks loudly!
You are engulfed in roaring flames.
You die...

#############################
#............................
#.....#......................
#........#..#................
#....###..........#..........
#....'.#..§§@..[.............
#....#.####+#####....o.)[..(.
#.#..#.##.§§{t§§oo.#######)#.
#....#.#######§##..# #.#.
#....#.###########[# #T#.
#....#.##......#...#{ (o#.
#....'.##.####.##'##{ (#.#.
#....#.##.####.#...# {{O8#.##
#....#....#....#...#######(##


There were no monsters in sight!

Vanquished Creatures
  A yaktaur (D:5)
  2 hippogriffs
  10 yaks (D:9)
  2 hungry ghosts
  Menkaure (D:6)
  Duvessa (D:7)
  2 ice beasts
  A necrophage (D:8)
  An orc warrior (D:7)
  4 phantoms
  6 ogres
  3 centaurs
  2 bullfrogs
  2 big kobolds
  A gnoll sergeant (D:9)
  A wyvern zombie (D:8)
  Dowan (D:7)
  4 scorpions
  4 wights (D:9)
  3 killer bees (D:8)
  6 crimson imps
  3 centaur zombies
  A centaur skeleton (D:5)
  2 jellies
  3 orc priests
  2 bullfrog skeletons
  7 orc wizards
  2 gnoll shamans
  4 iguanas
  Ijyb (D:2)
  Terence (D:2)
  4 worker ants
  A hound zombie (D:9)
  2 hound skeletons (D:4)
  19 gnolls
  10 adders
  2 shadow imps
  2 oozes (D:1)
  An adder zombie (D:7)
  An adder skeleton (D:9)
  4 worms
  3 dart slugs
  5 leopard geckos
  40 orcs
  6 bats
  12 giant cockroaches
  9 goblins
  6 hobgoblins
  2 jackals (D:6)
  4 kobolds
  6 quokkas
  5 ball pythons
  7 frilled lizards
  A jackal skeleton (D:6)
  A quokka skeleton (D:6)
  15 rats
  A plant (D:8)
253 creatures vanquished.

Notes
Turn   | Place    | Note
-------+----------+-------------------------------------------
     0 | D:1      | mopl the Spriggan Wanderer began the quest for the Orb.
     0 | D:1      | mopl set off with: a book of Minor Magic, a potion of curing, a +0 hand crossbow, 22 bolts, a +0 robe, a bread ration
     0 | D:1      | Reached XP level 1. HP: 9/9 MP: 6/6
    15 | D:1      | Reached skill level 2 in Stealth
    29 | D:1      | Reached XP level 2. HP: 10/14 MP: 8/8
    81 | D:1      | Reached skill level 1 in Fighting
   101 | D:1      | Reached skill level 3 in Stealth
   371 | D:1      | Reached skill level 1 in Throwing
   371 | D:1      | Reached XP level 3. HP: 18/18 MP: 9/9
   685 | D:2      | Noticed Terence
   869 | D:2      | Killed Terence
   869 | D:2      | Reached skill level 4 in Stealth
   969 | D:2      | Noticed Ijyb
   974 | D:2      | Killed Ijyb
   974 | D:2      | Reached XP level 4. HP: 23/23 MP: 11/11
  1413 | D:2      | Reached skill level 2 in Throwing
  1674 | D:3      | Learned a level 2 spell: Blink
  1679 | D:3      | Learned a level 2 spell: Repel Missiles
  1729 | D:3      | Reached skill level 2 in Fighting
  1729 | D:3      | Reached XP level 5. HP: 26/26 MP: 12/12
  1743 | D:3      | Reached skill level 1 in Short Blades
  1743 | D:3      | Reached skill level 5 in Stealth
  2168 | D:3      | Reached skill level 2 in Short Blades
  2832 | D:4      | Reached XP level 6. HP: 30/30 MP: 13/13
  3072 | D:4      | Reached skill level 3 in Short Blades
  3072 | D:4      | Reached skill level 6 in Stealth
  3298 | D:4      | Reached skill level 3 in Throwing
  3298 | D:4      | Reached XP level 7. HP: 33/35 MP: 14/14
  3440 | D:4      | Reached skill level 4 in Short Blades
  3440 | D:4      | Reached skill level 7 in Stealth
  3691 | D:5      | Entered Level 5 of the Dungeon
  3781 | D:4      | Reached skill level 3 in Fighting
  4279 | D:5      | Reached skill level 5 in Short Blades
  4294 | D:5      | Reached skill level 8 in Stealth
  4683 | D:5      | Reached XP level 8. HP: 40/40 MP: 15/15
  5196 | D:5      | Reached skill level 4 in Throwing
  5196 | D:5      | Reached skill level 9 in Stealth
  5302 | D:6      | Found a staircase to the Ecumenical Temple.
  5306 | Temple   | Entered the Ecumenical Temple
  5355 | Temple   | Became a worshipper of Ashenzari the Shackled
  5418 | D:6      | Reached skill level 6 in Short Blades
  5448 | D:6      | Found a glowing drain.
  5566 | Sewer    | Entered a sewer
  5655 | Sewer    | Noticed Purgy
  6142 | D:6      | Noticed Menkaure
  6222 | D:5      | Noticed a yaktaur
  6238 | D:5      | Killed a yaktaur
  6238 | D:5      | Reached skill level 10 in Stealth
  6281 | D:6      | Killed Menkaure
  6281 | D:6      | Reached skill level 7 in Short Blades
  6630 | D:6      | Reached XP level 9. HP: 45/45 MP: 16/16
  6829 | D:6      | Found a bloodstained altar of Trog.
  7443 | D:6      | Reached skill level 5 in Throwing
  7443 | D:6      | Reached skill level 11 in Stealth
  8305 | D:7      | Noticed Dowan
  8307 | D:7      | Noticed Duvessa
  8311 | D:7      | Killed Dowan
  8311 | D:7      | Reached skill level 8 in Short Blades
  8377 | D:7      | Killed Duvessa
  9048 | D:8      | Found Watilim's Magic Scroll Shop.
  9076 | D:8      | Reached * piety under Ashenzari
  9079 | D:8      | Reached skill level 12 in Stealth
  9105 | D:8      | Bought a scroll of magic mapping for 52 gold pieces
  9105 | D:8      | Bought a scroll of enchant armour for 112 gold pieces
  9105 | D:8      | Bought a scroll of amnesia for 52 gold pieces
  9105 | D:8      | Bought a scroll of teleportation for 45 gold pieces
  9105 | D:8      | Bought a scroll of fog for 30 gold pieces
  9105 | D:8      | Bought a scroll of identify for 30 gold pieces
  9596 | D:8      | Found Xydgh's Antique Weapon Shoppe.
  9669 | D:8      | Bought a blowgun for 67 gold pieces
 10030 | D:8      | Reached skill level 9 in Short Blades
 10030 | D:8      | Reached skill level 6 in Throwing
 10866 | D:8      | Reached XP level 10. HP: 34/49 MP: 17/17
 11088 | D:8      | Reached skill level 13 in Stealth
 11092 | D:8      | Found Zaunn's Magic Scroll Shop.
 11102 | D:8      | Bought a scroll of random uselessness for 13 gold pieces
 12039 | D:9      | Reached skill level 1 in Slings
 12211 | D:9      | Reached skill level 2 in Slings
 12220 | D:9      | Reached skill level 10 in Short Blades
 12781 | D:9      | Reached skill level 14 in Stealth
 12817 | D:9      | Gained mutation: You possess an exceptional clarity of mind. [potion of beneficial mutation]
 13330 | D:9      | Reached skill level 3 in Slings
 13407 | D:9      | Noticed a fire crab
 13407 | D:9      | a troll changed into a fire crab
 13412 | D:9      | Engulfed by a fire crab's flame

Skill      XL: |  1  2  3  4  5  6  7  8  9 10 |
---------------+-------------------------------+-----
Stealth        | 2 3 4 5 6 8 10 12 14 | 14.3
Fighting       | 1 2 3 |  3.7
Throwing       | 1 2 3 4 6 |  6.9
Short Blades   | 2 3 5 7 9 10 | 10.3
Slings         | 3 |  3.0
Crossbows      | |  3.0
Shields        | |  1.0
Spellcasting   | |  4.0
Poison Magic   | |  2.0

Action                   |  1- 3 |  4- 6 |  7- 9 | 10-12 || total
-------------------------+-------+-------+-------+-------++-------
Melee: Dagger            |       |       |   163 |     2 ||   165
 Fire: Hand crossbow     |    68 |   166 |   114 |    25 ||   373
       Hunting sling     |       |     2 |   469 |   209 ||   680
       Blowgun           |       |       |    20 |    34 ||    54
Throw: Stone             |       |    15 |       |       ||    15
       Tomahawk          |       |     7 |     1 |       ||     8
       Throwing net      |       |       |     1 |       ||     1
 Cast: Repel Missiles    |       |     1 |       |       ||     1
Evoke: Wand              |       |       |     6 |     9 ||    15
  Use: Scroll            |       |     1 |    15 |     2 ||    18
       Potion            |       |     1 |     2 |     1 ||     4
 Stab: Invisible         |       |       |     3 |       ||     3
       Sleeping          |       |       |       |     1 ||     1
  Eat: Bread ration      |       |       |     2 |       ||     2
       Pizza             |       |       |     2 |       ||     2
Armor: Robe              |     2 |     3 |    31 |     4 ||    40
Dodge: Dodged            |    18 |    46 |   233 |    39 ||   336
       Deflected         |       |     2 |       |       ||     2
